 Dungeon Crawl Stone Soup version 0.24-a0-462-ge24419a6ad (webtiles) character file.

Game seed: 10344525994052644031

19 Elric the Charmwright (level 2, 0/22 HPs)
             Began as a Demonspawn Skald on July 2, 2019.
             Slain by Sigmund
             ... wielding a +7 scythe of pain
              (14 damage)
             ... on level 2 of the Dungeon.
             The game lasted 00:02:02 (1074 turns).

Elric the Charmwright (Demonspawn Skald)            Turns: 1074, Time: 00:02:02

Health: 0/22       AC:  4    Str: 11    XL:     2   Next: 55%
Magic:  5/5        EV: 11    Int: 14    God:
Gold:   49         SH:  3    Dex: 12    Spells: 2/5 levels left

rFire    . . .     SeeInvis .   a - +0 mace
rCold    . . .     Gourm    .   e - +0 buckler
rNeg     . . .     Faith    .   b - +0 leather armour
rPois    .         Spirit   .   (no helmet)
rElec    .         Reflect  .   (no cloak)
rCorr    .         Harm     .   k - +0 pair of gloves
MR       .....                  (no boots)
Stlth    +.........             (no amulet)
HPRegen  0.07/turn              (no ring)
MPRegen  0.09/turn              (no ring)

@: no status effects
A: demonic guardian 1
a: no special abilities


You were on level 2 of the Dungeon.
You were hungry.

You visited 1 branch of the dungeon, and saw 2 of its levels.

You collected 49 gold pieces.

Inventory:

Hand Weapons
 a - a +0 mace (weapon)
Armour
 b - a +0 leather armour (worn)
 e - a +0 buckler (worn)
 k - a +0 pair of gloves (worn)
Scrolls
 g - a scroll of identify {unknown}
 i - 4 scrolls of amnesia {unknown}
Potions
 c - 2 potions of heal wounds {unknown}
 f - a potion of curing {unknown}
 h - a potion of lignification {unknown}
 j - 2 potions of haste {unknown}
Comestibles
 d - 2 rations


   Skills:
 + Level 2.2 Fighting
 + Level 2.0 Maces & Flails
 - Level 0.8 Armour
 + Level 2.0 Dodging
 + Level 2.2 Spellcasting
 + Level 2.9 Charms


You had 2 spell levels left.
You knew the following spells:

 Your Spells              Type           Power        Failure   Level  Hunger
a - Infusion              Chrm           #...         16%         1    #......
b - Song of Slaying       Chrm           #.......     24%         2    ###....

Your spell library contained the following spells:

 Spells                   Type           Power        Failure   Level  Hunger
 Shroud of Golubria       Chrm/Tloc      #.....       38%         2    ###....
 Regeneration             Chrm/Necr      #.........   63%         3    ###....
 Spectral Weapon          Hex/Chrm       #.......     63%         3    ###....


Dungeon Overview and Level Annotations

Branches:
Dungeon (2/15)

Altars:

Annotations:
D:2 Sigmund


Innate Abilities, Weirdness & Mutations

A weak demonic guardian rushes to your aid.


Message History

Your ufetubus closely misses Sigmund.
Your ufetubus hits Sigmund but does no damage.
Sigmund hits your ufetubus with a +7 scythe of pain!
Your ufetubus dies!
You're too confused to move!
You bump into the rock wall.
Sigmund gestures at you while chanting. The magic dart hits you!
You bump into the rock wall.
You feel less confused. Sigmund gestures at you while chanting.
You resist with significant effort.
Sigmund points at you and mumbles some strange words.
You are confused.
You bump into the rock wall.
Sigmund barely misses you.
You bump into the rock wall.
You feel less confused.
Sigmund hits you from afar with a +7 scythe of pain!
Ouch! That really hurt!
You die...

.....
.....@####
#....#
####)#
####.#
#....#
##.#@.#
#.....#
#<#@#.#
#.#......#
#.#..5#..#
#.######.#
#.. .# ###


You could see Sigmund and a friendly shadow imp.

Vanquished Creatures
  A dart slug (D:1)
  2 leopard geckos
  A giant cockroach (D:1)
  A hobgoblin (D:1)
  2 kobolds (D:1)
  A frilled lizard (D:1)
  A rat (D:1)
9 creatures vanquished.

Vanquished Creatures (collateral kills)
  An adder (D:2)
  A hobgoblin (D:2)
2 creatures vanquished.

Grand Total: 11 creatures vanquished

Notes
Turn   | Place    | Note
-------+----------+-------------------------------------------
     0 | D:1      | Elric the Demonspawn Skald began the quest for the Orb.
     0 | D:1      | Reached XP level 1. HP: 16/16 MP: 3/3
   447 | D:1      | Gained mutation: A weak demonic guardian rushes to your
                  | aid. [demonic ancestry]
   447 | D:1      | Reached XP level 2. HP: 21/22 MP: 5/5
   492 | D:1      | Learned a level 2 spell: Song of Slaying
   803 | D:2      | Noticed Sigmund
  1074 | D:2      | Slain by Sigmund

Levels and vault maps discovered:
D:1:      dpeg_arrival_water_altar, layout_basic, kennysheep_pointless_box
D:2:      layout_basic, lemuel_crystal_altar, first_ration,
          corexii_hall_statues_t, st_stairs_8, chequers_serial_rivers_micro_d,
          minivault_27, chequers_garden, uniq_sigmund

Skill      XL: |  1  2 |
---------------+-------+-----
Maces & Flails | 2 |  2.0
Dodging        | 2 |  2.0
Fighting       | |  2.2
Armour         | |  0.8
Spellcasting   | |  2.2
Charms         | |  2.9

Action                   || total
-------------------------++-------
Melee: Mace              ||    31
 Cast: Infusion          ||     4
Armor: Leather armour    ||     6
Dodge: Dodged            ||    26
Block: Buckler           ||     1

Table legend:
 A = Non-vault XP
 B = Vault XP
 C = Vault XP percentage of total XP
 D = Non-vault monster count
 E = Vault monster count
 F = Vault count percentage of total count
                 A         B        C        D         E       F
            +---------+---------+-------+---------+---------+-------
      Total |      28 |       0 |   0.0 |      11 |       0 |   0.0
            +---------+---------+-------+---------+---------+-------
        D:1 |      17 |       0 |   0.0 |       8 |       0 |   0.0
        D:2 |      11 |       0 |   0.0 |       3 |       0 |   0.0
            +---------+---------+-------+---------+---------+-------
